% Time on Ice - SAN DIEGO THUNDER
Lines # - Real PCT - Wanted PCT - Time Play
Normal Forward
1 - 35% - 34% - 17:32
2 - 31% - 31% - 15:37
3 - 27% - 29% - 13:21
4 - 6% - 6% - 3:12
Normal Defense
1 - 38% - 38% - 18:44
2 - 35% - 36% - 17:32
3 - 27% - 26% - 13:26
4 - 0% - 0% - 0:00
PP Forward
1 - 53% - 55% - 3:09
2 - 47% - 45% - 2:49
PP Defense
1 - 53% - 55% - 3:09
2 - 47% - 45% - 2:49
PK Forward
1 - 73% - 60% - 3:11
2 - 27% - 40% - 1:09
PK Defense
1 - 53% - 55% - 2:18
2 - 47% - 45% - 2:02
PK3 Forward
1 - 0% - 55%
2 - 0% - 45%
PK3 Defense
1 - 0% - 55%
2 - 0% - 45%
44 Forward
1 - 0% - 55%
2 - 0% - 45%
44 Defense
1 - 0% - 55%
2 - 0% - 45%
Last Minute Offensive  - 0:00
Last Minute Defensive  - 0:00
Total
Forward - 60:00
Defense - 60:00
% Time on Ice - NORTH DAKOTA HAWKS
Lines # - Real PCT - Wanted PCT - Time Play
Normal Forward
1 - 34% - 32% - 16:42
2 - 27% - 28% - 13:31
3 - 25% - 26% - 12:12
4 - 15% - 14% - 7:17
Normal Defense
1 - 38% - 37% - 19:06
2 - 38% - 35% - 18:49
3 - 17% - 18% - 8:29
4 - 7% - 10% - 3:18
PP Forward
1 - 61% - 55% - 2:38
2 - 39% - 45% - 1:42
PP Defense
1 - 53% - 55% - 2:18
2 - 47% - 45% - 2:02
PK Forward
1 - 77% - 70% - 4:35
2 - 23% - 30% - 1:23
PK Defense
1 - 51% - 70% - 3:01
2 - 49% - 30% - 2:57
PK3 Forward
1 - 0% - 70%
2 - 0% - 30%
PK3 Defense
1 - 0% - 70%
2 - 0% - 30%
44 Forward
1 - 0% - 55%
2 - 0% - 45%
44 Defense
1 - 0% - 55%
2 - 0% - 45%
Last Minute Offensive  - 0:00
Last Minute Defensive  - 0:00
Total
Forward - 60:00
Defense - 60:00
Play-by-Play 1st period 0:01 of 1st period - Nazem Kadri wins face-off versus Mark Scheifele in neutral zone. 1:12 of 1st period - Shot by Nick Suzuki. 1:12 of 1st period - Shot Misses the Net. 1:18 of 1st period - Shot by Patrick Kane. 1:18 of 1st period - Shot Misses the Net. 1:20 of 1st period - Shot by Nick Suzuki. 1:20 of 1st period - Shot Misses the Net. 1:22 of 1st period - Shot by Mathew Dumba. 1:22 of 1st period - Deflect By Nick Suzuki. 1:22 of 1st period - Shot Misses the Net. 1:24 of 1st period - Shot by Nick Holden. 1:24 of 1st period - Stopped by Connor Hellebuyck with a rebound. 1:38 of 1st period - Shot by Alex Killorn. 1:38 of 1st period - Shot Misses the Net. 1:40 of 1st period - Shot by Nick Holden. 1:40 of 1st period - Stopped by Connor Hellebuyck without a rebound. 1:41 of 1st period - Jack Hughes wins face-off versus Blake Coleman in SAN DIEGO THUNDER zone. 1:44 of 1st period - Shot by Reyley Smith. 1:44 of 1st period - Stopped by Connor Hellebuyck without a rebound. 1:45 of 1st period - Jack Hughes wins face-off versus Blake Coleman in SAN DIEGO THUNDER zone. 1:45 of 1st period - Jack Hughes is hit by Riley Stillman. 1:53 of 1st period - Shot by Jack Hughes. 1:53 of 1st period - Stopped by Connor Hellebuyck without a rebound. 1:54 of 1st period - Jack Hughes wins face-off versus Blake Coleman in SAN DIEGO THUNDER zone. 2:15 of 1st period - Shot by Jake DeBrusk. 2:15 of 1st period - Shot Misses the Net. 2:20 of 1st period - Jordan Greenway is hit by Jake DeBrusk and loses puck. 2:27 of 1st period - Shot by Jordan Greenway. 2:27 of 1st period - Deflect By Isac Lundestrom. 2:27 of 1st period - Stopped by Carter Hart without a rebound. 2:27 of 1st period - Minor Penalty to Erik Johnson for Holding. 2:28 of 1st period - Nic Dowd wins face-off versus Mark Scheifele in NORTH DAKOTA HAWKS zone. 3:45 of 1st period - Shot by Nazem Kadri. 3:45 of 1st period - Stopped by Connor Hellebuyck without a rebound. 3:46 of 1st period - Logan Couture wins face-off versus Nic Dowd in SAN DIEGO THUNDER zone. 4:32 of 1st period - Off-side. 4:33 of 1st period - Aliaksei Protas wins face-off versus Nick Suzuki in neutral zone. 4:36 of 1st period - Alex Killorn is hit by Karson Kuhlman. 4:52 of 1st period - Off-side. 4:53 of 1st period - Nazem Kadri wins face-off versus Mark Scheifele in neutral zone. 5:02 of 1st period - Shot by Jordan Kyrou. 5:02 of 1st period - Shot Misses the Net. 5:10 of 1st period - Shot by Nazem Kadri. 5:10 of 1st period - Shot Misses the Net. 5:12 of 1st period - Shot by Nazem Kadri. 5:12 of 1st period - Stopped by Connor Hellebuyck with a rebound. 5:14 of 1st period - Shot by Erik Johnson. 5:14 of 1st period - Stopped by Connor Hellebuyck with a rebound. 5:16 of 1st period - Shot by Jason Robertson. 5:16 of 1st period - Stopped by Connor Hellebuyck without a rebound. 5:17 of 1st period - Logan Couture wins face-off versus Nic Dowd in SAN DIEGO THUNDER zone. 5:36 of 1st period - Shot by Cale Makar. 5:36 of 1st period - Stopped by Connor Hellebuyck without a rebound. 5:37 of 1st period - Jack Hughes wins face-off versus Blake Coleman in SAN DIEGO THUNDER zone. 6:16 of 1st period - Icing by Jake DeBrusk. 6:17 of 1st period - Jack Hughes wins face-off versus Mark Scheifele in NORTH DAKOTA HAWKS zone. 6:17 of 1st period - Jack Hughes is hit by Marcus Foligno. 6:24 of 1st period - Off-side. 6:25 of 1st period - Nick Suzuki wins face-off versus Logan Couture in neutral zone. 6:25 of 1st period - Cale Makar is hit by Drake Batherson and loses puck. 6:54 of 1st period - Shot by Drake Batherson. 6:54 of 1st period - Shot Blocked by Cale Makar. 6:56 of 1st period - Shot by Alexandre Carrier. 6:56 of 1st period - Shot Misses the Net. 7:11 of 1st period - Shot by Drake Batherson. 7:11 of 1st period - Shot Misses the Net. 7:13 of 1st period - Shot by Drake Batherson. 7:13 of 1st period - Shot Blocked by Ryan Lindgren. 7:26 of 1st period - Cale Makar is hit by Marcus Foligno and loses puck. 8:15 of 1st period - Ryan Lindgren is hit by Jordan Greenway and loses puck. 8:16 of 1st period - Minor Penalty to Jordan Greenway for Roughing. 8:17 of 1st period - Nazem Kadri wins face-off versus Blake Coleman in SAN DIEGO THUNDER zone. 9:44 of 1st period - Shot by Erik Johnson. 9:44 of 1st period - Shot Misses the Net. 9:46 of 1st period - Shot by Erik Johnson. 9:46 of 1st period - Stopped by Connor Hellebuyck without a rebound. 9:47 of 1st period - Blake Coleman wins face-off versus Nazem Kadri in SAN DIEGO THUNDER zone. 10:00 of 1st period - Shot by Nazem Kadri. 10:00 of 1st period - Shot Misses the Net. 10:02 of 1st period - Shot by Nazem Kadri. 10:02 of 1st period - Stopped by Connor Hellebuyck without a rebound. 10:03 of 1st period - Nick Suzuki wins face-off versus Blake Coleman in SAN DIEGO THUNDER zone. 10:12 of 1st period - Shot by Nick Suzuki. 10:12 of 1st period - Shot Blocked by Derek Forbort. 10:14 of 1st period - Shot by Reyley Smith. 10:14 of 1st period - Stopped by Connor Hellebuyck without a rebound. 10:15 of 1st period - Jordan Kyrou wins face-off versus Ryan Hartman in SAN DIEGO THUNDER zone. 10:33 of 1st period - Shot by Mark Scheifele. 10:33 of 1st period - Deflect By Ryan Hartman. 10:33 of 1st period - Stopped by Carter Hart without a rebound. 10:34 of 1st period - Aliaksei Protas wins face-off versus Jason Robertson in NORTH DAKOTA HAWKS zone. 10:44 of 1st period - Icing by Nazem Kadri. 10:45 of 1st period - Logan Couture wins face-off versus Nazem Kadri in NORTH DAKOTA HAWKS zone. 11:12 of 1st period - Shot by Jason Robertson. 11:12 of 1st period - Shot Misses the Net. 11:14 of 1st period - Shot by Mathew Dumba. 11:14 of 1st period - Stopped by Connor Hellebuyck without a rebound. 11:15 of 1st period - Jack Hughes wins face-off versus Blake Coleman in SAN DIEGO THUNDER zone. 12:22 of 1st period - Shot by Ryan Hartman. 12:22 of 1st period - Stopped by Carter Hart without a rebound. 12:23 of 1st period - Logan Couture wins face-off versus Nic Dowd in NORTH DAKOTA HAWKS zone. 12:24 of 1st period - Shot by Drake Batherson. 12:24 of 1st period - Shot Blocked by Ryan Lindgren. 12:50 of 1st period - Shot by Dillon Dube. 12:50 of 1st period - Shot Misses the Net. 12:56 of 1st period - Derek Forbort is hit by Justin Danforth and loses puck. 13:38 of 1st period - Jason Robertson is hit by Charles McAvoy and loses puck. 13:47 of 1st period - Shot by Nazem Kadri. 13:47 of 1st period - Stopped by Connor Hellebuyck with a rebound. 14:24 of 1st period - Icing by Connor Murphy. 14:25 of 1st period - Blake Coleman wins face-off versus Jack Hughes in SAN DIEGO THUNDER zone. 14:51 of 1st period - Connor Murphy is hit by Jake DeBrusk and loses puck. 15:26 of 1st period - Patrick Kane is hit by Drake Batherson. 15:29 of 1st period - Icing by Derek Forbort. 15:30 of 1st period - Logan Couture wins face-off versus Nic Dowd in SAN DIEGO THUNDER zone. 15:37 of 1st period - Shot by Drake Batherson. 15:37 of 1st period - Stopped by Carter Hart without a rebound. 15:38 of 1st period - Mark Scheifele wins face-off versus Nazem Kadri in NORTH DAKOTA HAWKS zone. 15:42 of 1st period - Ryan Hartman is hit by Mathew Dumba and loses puck. 15:43 of 1st period - Double Minor Penalty to Mathew Dumba for Roughing. 15:44 of 1st period - Nic Dowd wins face-off versus Mark Scheifele in NORTH DAKOTA HAWKS zone. 15:52 of 1st period - Icing by Ryan Hartman. 15:53 of 1st period - Mark Scheifele wins face-off versus Nic Dowd in SAN DIEGO THUNDER zone. 16:09 of 1st period - Shot by Charles McAvoy. 16:09 of 1st period - Stopped by Carter Hart without a rebound. 16:10 of 1st period - Logan Couture wins face-off versus Nic Dowd in NORTH DAKOTA HAWKS zone. 16:42 of 1st period - Shot by Alexandre Carrier. 16:42 of 1st period - Stopped by Carter Hart without a rebound. 16:43 of 1st period - Nic Dowd wins face-off versus Mark Scheifele in NORTH DAKOTA HAWKS zone. 16:51 of 1st period - Shot by Charles McAvoy. 16:51 of 1st period - Stopped by Carter Hart without a rebound. 16:52 of 1st period - Nic Dowd wins face-off versus Mark Scheifele in NORTH DAKOTA HAWKS zone. 17:01 of 1st period - Jake DeBrusk is hit by Brandon Saad and loses puck. 17:08 of 1st period - Shot by Ryan Hartman. 17:08 of 1st period - Stopped by Carter Hart with a rebound. 18:03 of 1st period - Off-side. 18:04 of 1st period - Logan Couture wins face-off versus Nazem Kadri in neutral zone. 18:15 of 1st period - Shot by Alexandre Carrier. 18:15 of 1st period - Shot Misses the Net. 18:17 of 1st period - Shot by Logan Couture. 18:17 of 1st period - Shot Hit the Post. 18:35 of 1st period - Shot by Drake Batherson. 18:35 of 1st period - Shot Misses the Net. 18:37 of 1st period - Shot by Alexandre Carrier. 18:37 of 1st period - Stopped by Carter Hart with a rebound. 18:39 of 1st period - Shot by Alexandre Carrier. 18:39 of 1st period - Stopped by Carter Hart with a rebound. 18:41 of 1st period - Shot by Alexandre Carrier. 18:41 of 1st period - Deflect By Drake Batherson. 18:41 of 1st period - Shot Misses the Net. 18:55 of 1st period - Shot by Dillon Dube. 18:55 of 1st period - Shot Hit the Post. 19:43 of 1st period - Shot by Drake Batherson. 19:43 of 1st period - Shot Misses the Net. Goals for this period are 0 for SAN DIEGO THUNDER vs 0 for NORTH DAKOTA HAWKS. Shots for this period are 10 for SAN DIEGO THUNDER vs 14 for NORTH DAKOTA HAWKS. 2nd period 0:01 of 2nd period - Mark Scheifele wins face-off versus Nazem Kadri in neutral zone. 0:11 of 2nd period - Shot by Mark Scheifele. 0:11 of 2nd period - Shot Misses the Net. 0:31 of 2nd period - Shot by Mark Scheifele. 0:31 of 2nd period - Shot Misses the Net. 1:13 of 2nd period - Shot by Patrick Kane. 1:13 of 2nd period - Shot Misses the Net. 1:15 of 2nd period - Shot by Ryan Lindgren. 1:15 of 2nd pe